 Dungeon Crawl Stone Soup version 0.28.0 (webtiles) character file.

Game seed: 10858002542130102010

149 Ablot the Grasshopper (level 5, 0/43 HPs)
             Began as a Gnoll Warper on Feb 17, 2022.
             Killed by divine providence
             ... invoked by an orc priest
              (11 damage)
             ... on level 3 of the Dungeon.
             The game lasted 00:03:21 (3322 turns).

Ablot the Grasshopper (Gnoll Warper)                Turns: 3322, Time: 00:03:21

Health: 0/43       AC:  3    Str: 13    XL:     5   Next: 31%
Magic:  12/12      EV: 12    Int: 12    God:
Gold:   121        SH:  0    Dex: 11    Spells: 14/14 levels left

rFire   . . .      SeeInvis .   a - +0 spear
rCold   . . .      Faith    .   (no shield)
rNeg    . . .      Spirit   .   b - +0 leather armour
rPois   .          Reflect  .   (no helmet)
rElec   .          Harm     .   (no cloak)
rCorr   .          Rampage  .   (no gloves)
Will    .....                   (no boots)
Stlth   +.........              (no amulet)
HPRegen 0.14/turn               (no ring)
MPRegen 0.13/turn               (no ring)

@: no status effects
A: fangs 1, strong nose, distributed training
a: no special abilities


You were on level 3 of the Dungeon.
You visited 1 branch of the dungeon, and saw 3 of its levels.

You collected 121 gold pieces.

Inventory:

Hand Weapons
 a - a +0 spear (weapon)
Missiles
 d - 5 boomerangs of dispersal
 g - 31 arrows
 h - 121 stones
 i - 5 poisoned darts (quivered)
Armour
 b - a +0 leather armour (worn)
Scrolls
 c - a scroll of blinking
 e - a scroll of enchant armour {unknown}
 j - 3 scrolls of identify {unknown}
 k - a scroll of enchant weapon {unknown}
 l - 3 scrolls of vulnerability {unknown}
 n - a scroll of teleportation {unknown}
Potions
 f - 2 potions of attraction {unknown}
 m - 2 potions of ambrosia {unknown}
 o - a potion of brilliance {unknown}
 p - a potion of cancellation {unknown}


   Skills:
 + Level 4.7 Fighting
 + Level 1.4 Short Blades
 + Level 1.4 Long Blades
 + Level 1.4 Axes
 + Level 1.4 Maces & Flails
 + Level 4.7 Polearms
 + Level 1.4 Staves
 + Level 1.4 Slings
 + Level 1.4 Bows
 + Level 1.4 Crossbows
 + Level 2.9 Throwing
 + Level 2.9 Armour
 + Level 4.7 Dodging
 + Level 1.4 Stealth
 + Level 1.4 Shields
 + Level 1.4 Unarmed Combat
 + Level 5.2 Spellcasting
 + Level 1.1 Conjurations
 + Level 1.1 Hexes
 + Level 1.1 Summonings
 + Level 1.1 Necromancy
 + Level 5.5 Translocations
 + Level 1.1 Transmutations
 + Level 1.1 Fire Magic
 + Level 1.1 Ice Magic
 + Level 1.1 Air Magic
 + Level 1.1 Earth Magic
 + Level 1.1 Poison Magic
 + Level 1.6 Invocations
 + Level 1.4 Evocations


You had 14 spell levels left.
You didn't know any spells.
Your spell library contained the following spells:

 Spells                   Type           Power      Damage    Failure   Level
 Blink                    Tloc           32%        N/A       3%          2
 Gell's Gravitas          Tloc           16%        N/A       8%          3
 Lesser Beckoning         Tloc           16%        N/A       8%          3
 Teleport Other           Tloc           16%        N/A       8%          3
 Manifold Assault         Tloc           16%        N/A       56%         5


Dungeon Overview and Level Annotations

Branches:
Dungeon (3/15)

Altars:


Innate Abilities, Weirdness & Mutations

You have very sharp teeth.
Your uncanny sense of smell can sniff out nearby items.
Your experience applies equally to all skills.


Message History

Aim: an orc wizard, wielding a +0 dagger and wearing a +0 robe (51% to hit)
You throw a poisoned dart. The poisoned dart hits the orc wizard.
The orc wizard gestures wildly while chanting.
The orc wizard flickers and vanishes!
Deactivating autopickup; reactivate with Ctrl-A.
The orc shouts!
An orc priest comes into view. It is wielding a +0 short sword.
A puff of flame appears from out of thin air!
The puff of flame hits you!
There is an open door here.
You close the door.
An orc breaks down the door.
The orc throws a boomerang.
The boomerang hits you.
You open the door.
You close the door.
There is a stone staircase leading down here.
The orc throws a boomerang.
The boomerang hits you.
The orc throws a boomerang.
The boomerang closely misses you.
The orc shouts!
The orc priest shouts!
The orc barely misses you.
The orc priest looks braver for a moment.
The orc throws a boomerang.
The boomerang barely misses you. The orc closely misses you.
The orc priest mumbles some strange prayers to Beogh against you.
Beogh smites you!
You hear a shout!
There is an open door here.
There's a creature in the doorway!
The orc hits you with a +0 mace.
* * * LOW HITPOINT WARNING * * *
The orc hits you but does no damage.
There is an open door here.
You hit the orc but do no damage. The orc hits you with a +0 mace.
* * * LOW HITPOINT WARNING * * *
The orc priest casts a cantrip, but nothing happens.
The orc closely misses you.
The orc priest calls down the wrath of Beogh upon you.
Beogh smites you!
You die...

......####.#......#.#.#..# #.#
#.....# #.#..#####.#.#..###.#
# #...###
#.#........#........# # #...#
#.#........#....###.# #
##########.#...####........#.#
# ..# #..........#
#....#.#.#.# # #.#
#..........# #....#...#.# #
#.# #....o#########....##..#.#
#
#.######'#..o.o.@......+...#.#
#
#o#....#.#.##....#.....###.#.#
#.#.##.#o#.##....#.........#.#
#.#.##.#.#.##....#######.#...#
#.#.##.#.#.##....#
####+##..####
#.#....o.#.#######
#............ #'#o.#.###+###
#.......>#### .....#.......#
#.......## .....#.......#
#.......#


You could see an orc priest and 2 orcs.

Vanquished Creatures
  An iguana (D:3)
  6 adders (D:2)
  2 worms (D:2)
  2 dart slugs
  An orc (D:3)
  4 endoplasms
  7 goblins
  5 hobgoblins
  4 jackals (D:2)
  4 kobolds
  2 quokkas
  4 ball pythons
  5 bats
  5 frilled lizards
  6 rats
58 creatures vanquished.

Notes
Turn   | Place    | Note
-------+----------+-------------------------------------------
     0 | D:1      | Ablot the Gnoll Warper began the quest for the Orb.
     0 | D:1      | Reached XP level 1. HP: 20/20 MP: 6/6
   197 | D:1      | Reached XP level 2. HP: 24/26 MP: 7/7
   835 | D:1      | Reached XP level 3. HP: 31/31 MP: 9/9
   962 | D:2      | Reached skill level 5 in Spellcasting
  1029 | D:2      | Found a faded altar of an unknown god.
  1040 | D:2      | Reached skill level 1 in Invocations
  1215 | D:2      | Reached skill level 1 in Short Blades
  1215 | D:2      | Reached skill level 1 in Long Blades
  1215 | D:2      | Reached skill level 1 in Axes
  1215 | D:2      | Reached skill level 1 in Maces & Flails
  1215 | D:2      | Reached skill level 1 in Staves
  1215 | D:2      | Reached skill level 1 in Slings
  1215 | D:2      | Reached skill level 1 in Bows
  1215 | D:2      | Reached skill level 1 in Crossbows
  1215 | D:2      | Reached skill level 1 in Stealth
  1215 | D:2      | Reached skill level 1 in Shields
  1215 | D:2      | Reached skill level 1 in Unarmed Combat
  1215 | D:2      | Reached skill level 1 in Evocations
  1215 | D:2      | Reached XP level 4. HP: 22/38 MP: 11/11
  2087 | D:2      | Reached skill level 1 in Conjurations
  2087 | D:2      | Reached skill level 1 in Hexes
  2087 | D:2      | Reached skill level 1 in Summonings
  2087 | D:2      | Reached skill level 1 in Necromancy
  2087 | D:2      | Reached skill level 1 in Transmutations
  2087 | D:2      | Reached skill level 1 in Fire Magic
  2087 | D:2      | Reached skill level 1 in Ice Magic
  2087 | D:2      | Reached skill level 1 in Air Magic
  2087 | D:2      | Reached skill level 1 in Earth Magic
  2087 | D:2      | Reached skill level 1 in Poison Magic
  2723 | D:3      | Reached XP level 5. HP: 43/43 MP: 12/12
  3322 | D:3      | Killed from afar by an orc priest

Illustrated notes

Levels and vault maps discovered:
D:1:      tarquinn_simple_flora_water_d, layout_loops_ring, minmay_pentomino_u2
D:2:      layout_basic, nicolae_ecumenical_snake_handling
D:3:      layout_basic, minivault_23, item_on_display_a

Skill      XL: |  1  2  3  4 |
---------------+-------------+-----
Spellcasting   | 5 |  5.2
Invocations    | 1 |  1.6
Short Blades   | 1 |  1.4
Long Blades    | 1 |  1.4
Axes           | 1 |  1.4
Maces & Flails | 1 |  1.4
Staves         | 1 |  1.4
Slings         | 1 |  1.4
Bows           | 1 |  1.4
Crossbows      | 1 |  1.4
Stealth        | 1 |  1.4
Shields        | 1 |  1.4
Unarmed Combat | 1 |  1.4
Evocations     | 1 |  1.4
Conjurations   | 1 |  1.1
Hexes          | 1 |  1.1
Summonings     | 1 |  1.1
Necromancy     | 1 |  1.1
Transmutations | 1 |  1.1
Fire Magic     | 1 |  1.1
Ice Magic      | 1 |  1.1
Air Magic      | 1 |  1.1
Earth Magic    | 1 |  1.1
Poison Magic   | 1 |  1.1
Fighting       | |  4.7
Polearms       | |  4.7
Throwing       | |  2.9
Armour         | |  2.9
Dodging        | |  4.7
Translocations | |  5.5

Action                   |  1- 3 |  4- 6 || total
-------------------------+-------+-------++-------
Melee: Spear             |   110 |   129 ||   239
       Bite              |     9 |    15 ||    24
       Punch             |       |     3 ||     3
Throw: Dart              |     2 |     5 ||     7
 Stab: Sleeping          |     1 |     1 ||     2
Armor: Leather armour    |    20 |    11 ||    31
Dodge: Dodged            |    59 |    53 ||   112
